 Dungeon Crawl Stone Soup version 0.28.0-62-gf88900778d (webtiles) character file.

Game seed: 6879191841421679002

286 user425776 the Chopper (level 6, -12/53 HPs)
             Began as a Minotaur Fighter on Mar 2, 2023.
             Mangled by a gnoll
             ... wielding a +0 halberd
              (14 damage)
             ... on level 4 of the Dungeon.
             The game lasted 00:28:56 (1176 turns).

user425776 the Chopper (Minotaur Fighter)           Turns: 1176, Time: 00:28:56

Health: -12/53     AC:  7    Str: 23    XL:     6   Next: 8%
Magic:  5/5        EV:  6    Int:  5    God:
Gold:   14         SH: 12    Dex:  9    Spells: 5/5 levels left

rFire   . . .      SeeInvis .   a - +0 war axe
rCold   . . .      Faith    .   f - +0 tower shield
rNeg    . . .      Spirit   .   b - +0 scale mail
rPois   .          Reflect  .   (helmet restricted)
rElec   .          Harm     .   (no cloak)
rCorr   .          Rampage  .   (no gloves)
Will    .....                   (no boots)
Stlth   ..........              (no amulet)
HPRegen 0.17/turn               (no ring)
MPRegen 0.09/turn               (no ring)

@: no status effects
A: horns 2, retaliatory headbutt
a: no special abilities


You were on level 4 of the Dungeon.
You visited 1 branch of the dungeon, and saw 4 of its levels.

You collected 94 gold pieces.
You spent 80 gold pieces at shops.

Inventory:

Hand Weapons
 a - a +0 war axe (weapon)
Missiles
 e - 20 stones (quivered)
Armour
 b - a +0 scale mail (worn)
 f - a +0 tower shield (worn)
Scrolls
 g - a scroll of identify
Potions
 d - a potion of might
 h - a potion of mutation
 i - a potion of invisibility


   Skills:
 + Level 4.6 Fighting
 + Level 5.2 Axes
 + Level 4.7 Armour
 + Level 1.1 Dodging
 + Level 0.1 Stealth
 + Level 5.0 Shields


You had 5 spell levels left.
You didn't know any spells.
Your spell library contained the following spells:

 Spells                   Type           Power      Damage    Failure   Level
 Ensorcelled Hibernation  Hex/Ice        0%         N/A       100%        2
 Spider Form              Tmut/Pois      0%         N/A       100%        3
 Anguish                  Hex/Necr       0%         N/A       100%        4


Dungeon Overview and Level Annotations

Branches:
Dungeon (4/15)
 Temple: D:4-7

Altars:

Shops:
D:3 ??!


Innate Abilities, Weirdness & Mutations

You have a pair of horns on your head.
You reflexively headbutt those who attack you in melee.


Message History

There is an open door here.
Found a scroll of identify.
A gnoll comes into view. It is wielding a +0 halberd.
The gnoll shouts!
Found a ring mail. 2 gnolls come into view.
The gnoll shouts!
A gnoll comes into view. It is wielding a +0 halberd.
The gnoll shouts!
Throw: 21 stones
Press: ? - help, Q - select action Shift-Dir - straight line, f - gnoll
Aim: a gnoll, wielding a +0 whip (60% to hit)
You throw a stone.
The stone hits the gnoll but does no damage.
You block the gnoll's attack.
You hit the gnoll.
The gnoll is heavily wounded.
The gnoll hits you from afar with a +0 halberd!
You block the gnoll's attack.
The gnoll hits you from afar with a +0 halberd.
You slash the gnoll!
You kill the gnoll!
The gnoll hits you from afar with a +0 halberd!
You block the gnoll's attack.
Your Shields skill increases to level 5!
The gnoll hits you with a +0 halberd. You block the gnoll's attack.
Things that are here:
a +0 whip; a gnoll corpse You hit the gnoll but do no damage.
You block the gnoll's attack. The gnoll barely misses you.
You barely miss the gnoll.
You headbutt the gnoll, but do no damage.
The gnoll hits you with a +0 halberd!
* * * LOW HITPOINT WARNING * * *
The gnoll hits you from afar with a +0 halberd.
* * * LOW HITPOINT WARNING * * *
The gnoll hits you with a +0 halberd.
* * * LOW HITPOINT WARNING * * *
The gnoll hits you from afar with a +0 halberd!
You die...

#####.#
#.....#######..
+.....'........
#.....#.#######
#.....#.#
#.....#.#
#######.#
#.########.#
#gg@....[...
#g########.#
...# .....#
......?#
...g....
#####... #..


You could see 3 gnolls.

Vanquished Creatures
  Grinder (D:3)
  A hound (D:2)
  A gnoll (D:4)
  A worm (D:2)
  A dart slug (D:1)
  4 endoplasms
  A giant cockroach (D:1)
  A goblin (D:2)
  6 hobgoblins
  10 jackals (D:1)
  2 quokkas
  9 ball pythons
  4 bats
  4 frilled lizards
  2 kobolds
  5 rats
53 creatures vanquished.

Notes
Turn   | Place    | Note
-------+----------+-------------------------------------------
     0 | D:1      | user425776 the Minotaur Fighter began the quest for the
                  | Orb.
     0 | D:1      | Reached XP level 1. HP: 19/19 MP: 0/0
    63 | D:1      | Reached XP level 2. HP: 20/27 MP: 1/1
   332 | D:1      | Reached XP level 3. HP: 28/33 MP: 2/2
   565 | D:2      | Found a faded altar of an unknown god.
   589 | D:2      | Reached XP level 4. HP: 35/40 MP: 3/3
   918 | D:3      | Found Zoak's Magic Scroll Shop.
   924 | D:3      | Found Baiwil's Distillery.
   930 | D:3      | Noticed Grinder
   945 | D:3      | Paralysed by Grinder for 4 turns
   951 | D:3      | Killed Grinder
   952 | D:3      | Reached skill level 5 in Axes
   952 | D:3      | Reached skill level 1 in Dodging
   952 | D:3      | Reached XP level 5. HP: 30/47 MP: 4/4
   952 | D:3      | Reached XP level 6. HP: 34/53 MP: 5/5
  1033 | D:3      | Bought a potion of mutation for 80 gold pieces
  1118 | D:3      | Found Arphuo Etsi's Magic Scroll Boutique.
  1174 | D:4      | Reached skill level 5 in Shields
  1176 | D:4      | HP: 2/53 [gnoll/+0 halberd (6)]
  1176 | D:4      | Mangled by a gnoll

Illustrated notes

Levels and vault maps discovered:
D:1:      grunt_arrival_crossed_arrows, layout_rooms, st_stairs_3
D:2:      layout_loops_cross, hellmonk_ecumenical_altar_arch_garden,
          minmay_tromino_v2
D:3:      layout_basic, serial_shops, nicolae_shop_crystal, shop,
          nicolae_shop_advertising_works [nicolae_subvault_shop_adworks],
          minmay_misc_feat_rows, uniq_robin, uniq_grinder
D:4:      layout_basic, okawaru_altar_gauntlet_db

Skill      XL: |  1  2  3  4  5  6 |
---------------+-------------------+-----
Shields        | 4 5 |  5.0
Fighting       | 4 |  4.6
Armour         | 4 |  4.7
Axes           | 3 5 |  5.2
Dodging        | 1 |  1.1
Stealth        | |  0.1

Action                   |  1- 3 |  4- 6 || total
-------------------------+-------+-------++-------
Melee: War axe           |    56 |    30 ||    86
       Headbutt          |     9 |     6 ||    15
       Staff             |     5 |       ||     5
Throw: Stone             |       |     4 ||     4
  Use: Scroll            |     2 |     3 ||     5
Armor: Scale mail        |    39 |     4 ||    43
Dodge: Dodged            |    36 |     9 ||    45
Block: Buckler           |     8 |       ||     8
       Tower shield      |    34 |    19 ||    53
